[Event "Festiv.  Int. de Sah Eforie 2010"]
[Site "Eforie Nord 2010"]
[Date "2010.06.19"]
[Round "2.17"]
[White "Carlsson, Pontus"]
[Black "Zaim, Marian"]
[Result "1-0"]
[ECO "B98"]
[WhiteElo "2479"]
[BlackElo "2195"]
[Annotator ",alex"]
[PlyCount "49"]
[EventDate "2010.??.??"]
[TimeControl "5400"]

1. e4 c5 2. Nf3 d6 3. d4 cxd4 4. Nxd4 Nf6 5. Nc3 a6 6. Bg5 e6 7. f4 Be7 8. Qf3
Qc7 9. O-O-O Nc6 10. Nxc6 Qxc6 11. Bd3 Bd7 12. Qg3 Kf8 13. e5 dxe5 14. fxe5 Ne8
15. Rhf1 Bxg5+ 16. Qxg5 Qc7 17. Rxf7+ Kxf7 18. Rf1+ Nf6 19. exf6 g6 20. Qh6
Rag8 21. Ne4 g5 22. Nxg5+ Rxg5 23. Qxg5 Rg8 24. Qh5+ Kf8 25. Qh6+ 1-0

[Event "Festiv.  Int. de Sah Eforie 2010"]
[Site "Eforie Nord 2010"]
[Date "2010.06.20"]
[Round "4.22"]
[White "Zaim, Marian"]
[Black "Cosma, Ioan"]
[Result "0-1"]
[ECO "A30"]
[WhiteElo "2195"]
[BlackElo "2420"]
[Annotator ",alex"]
[PlyCount "138"]
[EventDate "2010.??.??"]
[TimeControl "5400"]

1. Nf3 c5 2. c4 Nf6 3. g3 b6 4. Bg2 Bb7 5. O-O e6 6. d4 cxd4 7. Nxd4 Bxg2 8.
Kxg2 a6 9. b3 Be7 10. Bb2 O-O 11. Nc3 Ra7 12. e4 d6 13. Qe2 Qc8 14. Rad1 Rc7
15. Rc1 Qb7 16. Rfd1 Rfc8 17. f3 Nbd7 18. h3 h6 19. Kh2 Ne5 20. Kg2 Ng6 21. Kh2
Bf8 22. Kg2 Re8 23. Nc2 Rcc8 24. Ne3 Qb8 25. Kh2 Qb7 26. Qf1 Rb8 27. a4 Nd7 28.
Ba3 Nc5 29. Rb1 Qc6 30. Nc2 Qd7 31. Bc1 Be7 32. Be3 Qc7 33. Nb4 Qb7 34. Nc2
Rbc8 35. Bg1 Red8 36. Be3 Ne5 37. Bd4 Nc6 38. Bg1 Bf6 39. Nd4 Nb4 40. Qe2 Qc7
41. Na2 Nc6 42. Nxc6 Qxc6 43. Nb4 Qb7 44. Nd3 Qc7 45. Nb4 Re8 46. Bd4 Be7 47.
Ba1 Rcd8 48. Kg2 Bf8 49. Qc2 Qb7 50. Na2 b5 51. axb5 axb5 52. cxb5 Qxb5 53. Nc3
Qb4 54. Na2 Qa3 55. b4 Nd7 56. Rb3 Rc8 57. Nc3 Qa8 58. Bb2 Ne5 59. Qf2 Nc4 60.
Ba1 Qb7 61. Ne2 Ra8 62. Nd4 Ra4 63. Bc3 Rea8 64. Re1 d5 65. exd5 Qxd5 66. Rbb1
Ra2 67. Re2 Rxe2 68. Qxe2 Ra2 69. Nc2 Rxc2 0-1

[Event "Festiv.  Int. de Sah Eforie 2010"]
[Site "Eforie Nord 2010"]
[Date "2010.06.27"]
[Round "11.23"]
[White "Cosma, Elena-Luminita"]
[Black "Zaim, Marian"]
[Result "1-0"]
[ECO "B08"]
[WhiteElo "2370"]
[BlackElo "2195"]
[Annotator ",alex"]
[PlyCount "157"]
[EventDate "2010.??.??"]
[TimeControl "5400"]

1. d4 Nf6 2. Nf3 d6 3. Nc3 g6 4. e4 Bg7 5. h3 O-O 6. Be3 c6 7. a4 Nbd7 8. a5 e6
9. Be2 Qe7 10. O-O Ne8 11. Qd2 Nc7 12. Rfe1 f6 13. d5 cxd5 14. exd5 e5 15. Nb5
Nxb5 16. Bxb5 a6 17. Bf1 f5 18. c4 e4 19. Bd4 Bxd4 20. Nxd4 Ne5 21. b4 Bd7 22.
Rac1 Rac8 23. Rc3 Rc7 24. f4 Nf7 25. Rec1 Rfc8 26. Be2 Nh6 27. Bd1 Kf8 28. Bb3
Nf7 29. Qe3 Nd8 30. R3c2 Nf7 31. c5 Nd8 32. Qc3 Qg7 33. Qb2 Qe7 34. c6 bxc6 35.
dxc6 Be6 36. Nxe6+ Nxe6 37. Qh8+ Kf7 38. Qxh7+ Kf6 39. Qh4+ Kg7 40. Qxe7+ Rxe7
41. Bxe6 Rxe6 42. Kf2 Kf7 43. Ke3 Rc7 44. Rd1 d5 45. Rdc1 Rd6 46. Kd4 Ke6 47.
Rc5 Rd8 48. b5 axb5 49. Rxb5 Rdc8 50. Rb6 Kd6 51. Rc5 Rxc6 52. Rxd5+ Ke6 53.
Rc5 Rxb6 54. axb6 Rd8+ 55. Kc4 Rb8 56. Rc6+ Kd7 57. Rxg6 Re8 58. Kc5 e3 59.
Rd6+ Kc8 60. Rd1 Kb7 61. Re1 Re4 62. Re2 Kb8 63. g3 Kb7 64. h4 Ka6 65. h5 Kb7
66. h6 Re6 67. h7 Rc6+ 68. Kd5 Rh6 69. Ke5 Rxh7 70. Kxf5 Re7 71. Kg4 Kxb6 72.
Kf3 Kc5 73. Rxe3 Ra7 74. Rd3 Ra1 75. g4 Kc4 76. Rd8 Rf1+ 77. Ke4 Re1+ 78. Kf5
Ra1 79. g5 1-0